 Dungeon Crawl Stone Soup version 0.28.0-53-g5a82cb258f (webtiles) character file.

Game seed: 12050552598418020875

667 Zeld the Ogre Mage (level 7, -6/59 HPs)
             Began as an Ogre Fire Elementalist on June 6, 2022.
             Was an Initiate of Gozag.
             Mangled by a killer bee (7 damage)
             ... on level 5 of the Dungeon.
             The game lasted 00:04:09 (6182 turns).

Zeld the Ogre Mage (Ogre Fire Elementalist)         Turns: 6182, Time: 00:04:10

Health: -6/59      AC:  3    Str: 13    XL:     7   Next: 57%
Magic:  3/15       EV: 10    Int: 18    God:    Gozag
Gold:   644        SH:  0    Dex:  9    Spells: 7/17 levels left

rFire   . . .      SeeInvis .   a - +3 war axe (flame)
rCold   . . .      Faith    .   (no shield)
rNeg    . . .      Spirit   .   n - +0 robe
rPois   .          Reflect  .   (helmet restricted)
rElec   .          Harm     .   (no cloak)
rCorr   .          Rampage  .   (gloves unavailable)
Will    .....                   (boots unavailable)
Stlth   +.........              (no amulet)
HPRegen 0.19/turn               (no ring)
MPRegen 0.14/turn               (no ring)

@: gold aura
A: large, unfitting armour, tough skin 1
a: Renounce Religion, Potion Petition, Call Merchant, Bribe Branch


You were on level 5 of the Dungeon.
You worshipped Gozag.
Gozag was pleased with you.
You visited 1 branch of the dungeon, and saw 5 of its levels.
You also visited: Sewer.

You collected 694 gold pieces.
You paid 50 gold pieces to Gozag.

Inventory:

Hand Weapons
 a - a +3 war axe of flaming (weapon)
Armour
 n - a +0 robe (worn)
Wands
 g - a wand of mindburst (14)
 m - a wand of charming (8)
Scrolls
 c - a scroll of amnesia {unknown}
 d - 4 scrolls of vulnerability {unknown}
 f - 2 scrolls of identify {unknown}
 i - a scroll of noise {unknown}
 j - 2 scrolls of immolation {unknown}
 o - a scroll of magic mapping {unknown}
 q - 2 scrolls of enchant weapon {unknown}
Potions
 b - 5 potions of heal wounds {unknown}
 e - 7 potions of curing {unknown}
 h - a potion of attraction {unknown}
 k - a potion of degeneration {unknown}
 l - a potion of resistance {unknown}
 p - a potion of brilliance {unknown}
 r - a potion of berserk rage {unknown}


   Skills:
 + Level 3.3 Dodging
 - Level 1.4 Stealth
 * Level 5.6 Spellcasting
 + Level 3.0 Conjurations
 * Level 4.9 Fire Magic


You had 7 spell levels left.
You knew the following spells:

 Your Spells              Type           Power      Damage    Failure   Level
a - Foxfire               Conj/Fire      76%        2x1d7     2%          1
b - Scorch                Fire           44%        2d7       2%          2
c - Inner Flame           Hex/Fire       14%        N/A       14%         3
d - Flame Wave            Conj/Fire      19%        2d6       24%         4

Your spell library contained the following spells:

 Spells                   Type           Power      Damage    Failure   Level
 Conjure Flame            Conj/Fire      19%        6-21      8%          3


Dungeon Overview and Level Annotations

Branches:
Dungeon (5/15)              Sewer (visited)
 Temple: D:4-7

Altars:
Gozag

Shops:
D:1 =

Annotations:
D:4 2 transporters, Valamore's ghost, amateur GrEE
D:5 Prince Ribbit


Innate Abilities, Weirdness & Mutations

You are too large for most types of armour.
You have tough skin. (AC +1)


Message History

The black bear growls angrily.
A water moccasin skeleton comes into view.
The iguana misses you.
Your foxfire dissipates!
The foxfire hits the iguana but does no damage.
The iguana is severely wounded.
The black bear is no longer distracted by gold.
Prince Ribbit comes into view.
The adder is distracted by your dazzling golden aura.
Prince Ribbit hops awkwardly around.
The adder is no longer distracted by gold.
The iguana is no longer more vulnerable to fire.
The adder bites you but does no damage. The adder bites you but does no damage.
The killer bee buzzes angrily.
You closely miss the adder. The adder bites you but does no damage.
The adder bites you.
You slash the adder! You burn the adder.
You kill the adder!
You hear the brisk hiss of a very distant avalanche of sand.
The iguana closely misses you.
You barely miss the iguana.
The iguana is severely wounded.
The killer bee stings you. x2; The iguana bites you!
Prince Ribbit blinks!
The killer bee buzzes angrily.
You hear an angry buzzing noise.
The killer bee closely misses you. The killer bee stings you!
Prince Ribbit barely misses you.
Prince Ribbit blinks!
The killer bee stings you!
* * * LOW HITPOINT WARNING * * *
The iguana barely misses you.
The killer bee stings you but does no damage.
Prince Ribbit hits you.
* * * LOW HITPOINT WARNING * * *
You barely miss Prince Ribbit. You miss the killer bee.
The killer bee barely misses you. Prince Ribbit hits you!
* * * LOW HITPOINT WARNING * * *
The killer bee barely misses you. The killer bee stings you!
You die...
Your body crumbles into a pile of gold.

### ### ##.# ..###### ##<.#
.<....># #..F# ....y...#
#ยง#@# ..........####.y.#
....yy........y###
...........###Z#
..........# #.# #######
.>....$.....##h#####......#
........#.................#
##.......###......#
##....#..#.......#


You could see Prince Ribbit, 2 killer bees and a water moccasin skeleton.

Vanquished Creatures
  Sigmund (D:2)
  A sky beast (D:5)
  A phantom (D:4)
  A killer bee (D:4)
  A hound (D:4)
  Ijyb (D:3)
  10 adders
  3 gnolls (D:2)
  2 river rats (Sewer)
  An adder skeleton (D:3)
  2 worms
  3 dart slugs
  4 orcs
  8 ball pythons
  3 bats
  3 endoplasms
  5 giant cockroaches
  11 goblins
  9 hobgoblins
  6 jackals (D:2)
  4 kobolds
  2 quokkas
  10 frilled lizards
  9 rats
101 creatures vanquished.

Vanquished Creatures (others)
  22 foxfires
22 creatures vanquished.

Grand Total: 123 creatures vanquished

Notes
Turn   | Place    | Note
-------+----------+-------------------------------------------
     0 | D:1      | Zeld the Ogre Fire Elementalist began the quest for the
                  | Orb.
     0 | D:1      | Reached XP level 1. HP: 16/16 MP: 3/3
    82 | D:1      | Found Zoazoeri's Jewellery Shop.
   109 | D:1      | Reached skill level 1 in Conjurations
   503 | D:1      | Reached XP level 2. HP: 24/24 MP: 3/5
   507 | D:1      | Learned a level 2 spell: Scorch
  1195 | D:1      | Found a faded altar of an unknown god.
  1304 | D:2      | Reached skill level 3 in Spellcasting
  1304 | D:2      | Reached XP level 3. HP: 24/31 MP: 1/7
  1308 | D:2      | Learned a level 3 spell: Inner Flame
  1520 | D:2      | Noticed Sigmund
  1687 | D:3      | Found an opulent altar of Gozag.
  1788 | D:3      | Became a worshipper of Gozag Ym Sagoz the Greedy
  1898 | D:3      | Noticed Ijyb
  1912 | D:4      | Noticed a phantom
  1961 | D:4      | Found a glowing drain.
  1966 | D:4      | Reached XP level 4. HP: 28/39 MP: 3/9
  1968 | D:4      | Killed a phantom
  1969 | D:4      | Reached XP level 5. HP: 23/45 MP: 0/10
  1973 | Sewer    | Entered a sewer
  2307 | Sewer    | Reached skill level 4 in Spellcasting
  2785 | Sewer    | Learned a level 4 spell: Flame Wave
  3423 | D:4      | Reached XP level 6. HP: 45/53 MP: 1/12
  3617 | D:3      | Killed Ijyb
  3738 | D:2      | Killed Sigmund
  3739 | D:2      | Reached skill level 5 in Spellcasting
  3825 | D:2      | Reached XP level 7. HP: 59/59 MP: 11/14
  5502 | D:4      | Found a transporter.
  5724 | D:4      | Noticed Valamore's ghost (amateur GrEE)
  5738 | D:4      | Found a transporter.
  5943 | D:5      | Entered Level 5 of the Dungeon
  6162 | D:5      | Noticed Prince Ribbit
  6182 | D:5      | HP: 1/59 [Prince Ribbit (15)]
  6182 | D:5      | Mangled by a killer bee

Illustrated notes

Levels and vault maps discovered:
D:1:      evilmike_arrival_fibonacci_small, layout_basic, serial_shops, shop,
          ebering_ecumenical_altar_abandoned, minivault_25,
          chequers_hall_statues_y
D:2:      layout_loops_cross, minmay_heptomino_w4, uniq_sigmund
D:3:      kennysheep_the_goblin_king, layout_loops_cross,
          grunt_gozag_breadcrumbs
D:4:      layout_basic, gammafunk_ghost_stat_death, portal_sewer_entry_d
D:5:      layout_rooms, nicolae_ossuary_entry_false_entrances,
          nicolae_shop_fire_sale [nicolae_sub_dead_trees],
          serial_bayou_crossing, uniq_prince_ribbit1

Skill      XL: |  1  2  3  4  5  6  7 |
---------------+----------------------+-----
Conjurations   | 1 2 3 |  3.0
Fire Magic     | 3 4 |  4.9
Dodging        | 2 3 |  3.3
Spellcasting   | 3 4 5 |  5.6
Stealth        | |  1.4

Action                   |  1- 3 |  4- 6 |  7- 9 || total
-------------------------+-------+-------+-------++-------
Melee: Unarmed           |    38 |    15 |       ||    53
       Punch             |     1 |       |       ||     1
       War axe           |       |       |    24 ||    24
 Cast: Foxfire           |    15 |     2 |     1 ||    18
       Scorch            |    22 |    41 |    50 ||   113
 Stab: Sleeping          |       |       |     1 ||     1
Armor: Robe              |    29 |     8 |    16 ||    53
Dodge: Dodged            |    31 |    19 |    30 ||    80
